 Dungeon Crawl Stone Soup version 0.27.1-3-gb3d3a73c9e (webtiles) character file.

Game seed: 6029387774837955265

112 Descartes the Sneak (level 5, -5/37 HPs)
             Began as a Formicid Wanderer on Oct 16, 2021.
             Killed from afar by an orc wizard (12 damage)
             ... with a puff of flame
             ... on level 2 of the Dungeon.
             The game lasted 00:06:26 (3219 turns).

Descartes the Sneak (Formicid Wanderer)             Turns: 3219, Time: 00:06:27

Health: -5/37      AC:  2    Str: 16    XL:     5   Next: 16%
Magic:  7/8        EV: 12    Int: 11    God:
Gold:   63         SH:  0    Dex: 18    Spells: 7/9 levels left

rFire    . . .     SeeInvis +   d - staff of poison
rCold    . . .     Faith    .   (no shield)
rNeg     . . .     Spirit   .   b - +0 robe
rPois    +         Reflect  .   (helmet unavailable)
rElec    .         Harm     .   (no cloak)
rCorr    .         Rampage  .   (no gloves)
Will     .....                  (no boots)
Stlth    ++........             (no amulet)
HPRegen  0.12/turn              n - +6 ring of dexterity
MPRegen  0.11/turn              (no ring)

@: no status effects
A: permanent stasis, dig shafts and tunnels, antennae 3, four strong arms
a: Dig, Shaft Self


You were on level 2 of the Dungeon.
You visited 1 branch of the dungeon, and saw 3 of its levels.

You collected 63 gold pieces.

Inventory:

Hand Weapons
 k - a +0 whip
Missiles
 f - 9 poisoned darts
 j - 24 stones
Armour
 b - a +0 robe (worn)
Magical Staves
 d - a staff of poison (weapon)
Jewellery
 n - a +6 ring of dexterity (left hand)
Scrolls
 e - a scroll of identify {unknown}
 h - a scroll of brand weapon {unknown}
 i - 2 scrolls of vulnerability {unknown}
 l - a scroll of blinking {unknown}
Potions
 a - a potion of curing {unknown}
 c - 3 potions of lignification
 g - a potion of cancellation {unknown}
 m - 2 potions of resistance {unknown}


   Skills:
 + Level 1.4 Fighting
 + Level 0.0 Staves
 + Level 1.3 Armour
 - Level 1.0 Dodging
 + Level 2.8 Stealth
 + Level 2.6 Spellcasting
 - Level 2.0 Necromancy
 + Level 1.6 Transmutations
 - Level 1.0 Fire Magic
 + Level 1.5 Earth Magic
 * Level 2.8 Poison Magic
 + Level 1.7 Evocations


You had 7 spell levels left.
You knew the following spells:

 Your Spells              Type           Power      Damage    Failure   Level
a - Sting                 Tmut/Pois      36%        1d4       11%         1
b - Pain                  Necr           20%        1d5       12%         1

Your spell library contained the following spells:

 Spells                   Type           Power      Damage    Failure   Level
 Animate Skeleton         Necr           10%        N/A       12%         1
 Spider Form              Tmut/Pois      4%         N/A       32%         3
 Vampiric Draining        Necr           2%         2d6       36%         3
 Animate Dead             Necr           2%         N/A       77%         4
 Airstrike                Air            0%         N/A       95%         4
 Summon Lightning Spire   Summ/Air       1%         N/A       95%         4
 Agony                    Necr           5%         N/A       98%         5
 Lightning Bolt           Conj/Air       0%         1d11      100%        5


Dungeon Overview and Level Annotations

Branches:
Dungeon (3/15)

Altars:
The Shining One


Innate Abilities, Weirdness & Mutations

You cannot be hasted, slowed, berserked, paralysed or teleported.
You can dig through walls and to a lower floor.
You have a pair of large antennae on your head. (SInv)
Your four strong arms can wield two-handed weapons with a shield.


Message History

No target in view!
No target in view!
The orc priest shouts!
The orc wizard shouts!
You hear a shout!
Casting: Sting (safe; 11% risk of failure)
Confirm with . or Enter, or press ? or * to list all spells.
Aiming: Sting (safe; 11% risk of failure)
Press: ? - help, Shift-Dir - straight line, f - orc wizard
Aim: an orc wizard, wielding a +0 dagger and wearing a +0 robe (60% to hit)
You feel a surge of power!
The sting misses the orc wizard.
The orc priest calls down the wrath of Beogh upon you.
Beogh smites you!
The orc wizard hits you with a +0 dagger.
The orc wizard mumbles some strange words.
The orc wizard flickers and vanishes for a moment.
The orc priest invokes the aid of Beogh against you.
The orc wizard writhes in agony.
You see here a +0 dagger.
You see here a +0 whip.
Casting: Sting (safe; 11% risk of failure)
Confirm with . or Enter, or press ? or * to list all spells.
Aiming: Sting (safe; 11% risk of failure)
Press: ? - help, Shift-Dir - straight line, f/p - orc wizard
Aim: an orc wizard, wielding a +0 dagger and wearing a +0 robe (lightly wounded, slightly transparent, 60% to hit)
You feel a surge of power!
The sting misses the orc wizard.
The orc wizard barely misses you.
You hit the orc wizard.
You envenom the orc wizard.
The orc wizard is poisoned.
The orc wizard is moderately wounded.
The orc wizard hits you with a +0 dagger.
You barely miss the orc wizard.
The orc wizard is moderately wounded.
The orc wizard gestures at you while chanting.
The puff of flame hits you!
You hit the orc wizard.
The orc wizard is moderately wounded.
The orc wizard gestures at you while chanting.
The magic dart hits you!
* * * LOW HITPOINT WARNING * * *
The orc wizard casts a spell at you. The puff of flame hits you!
You die...

..... ..# .....
..# ......... #.#
........# #.#
........###.#
.....o...#..#
#.........#.#####
........#.#.#{#o##
......# #.#..#{#@#
{#o{###.#.######
#..o..o...#
#..#####..#
...#.....###.#
{..#.....# #.#
...#.....# #.##
...#.....# #..#
o.##.....# ##.#


You could see an orc wizard (invisible, poisoned).

Vanquished Creatures
  An orc priest (D:2)
  2 adders
  A gnoll (D:1)
  A worm (D:2)
  3 dart slugs (D:1)
  An orc (D:2)
  3 ball pythons (D:1)
  3 endoplasms
  A giant cockroach (D:1)
  4 goblins
  4 hobgoblins
  4 jackals (D:2)
  3 kobolds (D:1)
  4 quokkas
  3 bats (D:2)
  A frilled lizard (D:1)
  2 rats
41 creatures vanquished.

Notes
Turn   | Place    | Note
-------+----------+-------------------------------------------
     0 | D:1      | Descartes the Formicid Wanderer began the quest for the
                  | Orb.
     0 | D:1      | Descartes set off with the following items: a +0 club, a +0
                  | robe, a potion of lignification, a +0 dagger; and the
                  | following spells available to memorise: Animate Skeleton,
                  | Pain, Sting, Vampiric Draining, Spider Form, Animate Dead,
                  | Agony
     0 | D:1      | Reached XP level 1. HP: 15/15 MP: 3/3
     2 | D:1      | Learned a level 1 spell: Sting
     4 | D:1      | Learned a level 1 spell: Pain
   422 | D:1      | Reached skill level 1 in Poison Magic
   422 | D:1      | Reached XP level 2. HP: 20/21 MP: 5/5
   752 | D:1      | Reached skill level 1 in Earth Magic
  1039 | D:1      | Reached XP level 3. HP: 23/26 MP: 2/6
  1267 | D:1      | Reached skill level 1 in Transmutations
  2265 | D:2      | You fall into a shaft and drop 1 floor!
  2294 | D:3      | Reached skill level 1 in Armour
  2294 | D:3      | Reached XP level 4. HP: 9/32 MP: 4/7
  2769 | D:2      | Found a glowing golden altar of the Shining One.
  2926 | D:2      | Reached XP level 5. HP: 16/37 MP: 3/8
  3219 | D:2      | Killed from afar by an orc wizard

Illustrated notes

Levels and vault maps discovered:
D:1:      roderic_chinese_lattice_arrival, layout_loops_cross, minivault_27,
          minmay_hexomino_f4
D:2:      cheibrodos_pilgrimage, layout_rooms, basic_altar, minmay_surrounded
D:3:      layout_rooms, uniq_jessica

Skill      XL: |  1  2  3 |
---------------+----------+-----
Poison Magic   | 1 2 |  2.8
Earth Magic    | 1 |  1.5
Transmutations | 1 |  1.6
Armour         | 1 |  1.3
Fighting       | |  1.4
Dodging        | |  1.0
Stealth        | |  2.8
Spellcasting   | |  2.6
Necromancy     | |  2.0
Fire Magic     | |  1.0
Evocations     | |  1.7

Action                   |  1- 3 |  4- 6 || total
-------------------------+-------+-------++-------
Melee: Club              |    47 |       ||    47
       Whip              |    72 |       ||    72
       Staff             |    10 |    39 ||    49
 Cast: Sting             |    13 |    21 ||    34
 Abil: Dig               |     2 |     2 ||     4
 Stab: Sleeping          |     4 |       ||     4
Armor: Robe              |    25 |    14 ||    39
Dodge: Dodged            |    95 |    39 ||   134
